Map: Ley Lines

Players

Buibui

  • Race: Zerg Zerg
  • League: Diamond
  • Spawn Location: 7:00

ManlyManMeat - Winner!

  • Race: Zerg Zerg
  • League: Diamond
  • Spawn Location: 1:00

VOD

Have the link to the VOD?

Description

Time

  • Played on: July 8, 2025, 6:52 p.m.
  • Length: 7:46
Show
View Real Time Build Order
Export as new Build Order

Buibui Zerg 

Build Orders: Pool First 

Get SALT Encoding   

  12  0:00  Drone  
  13  0:12  Overlord  
  13  0:16  Drone  
  14  0:32  Drone x2  
  16  0:40  Spawning Pool  
  15  0:44  Drone  
  16  1:05  Hatchery  
  16  1:08  Drone  
  16  1:14  Overlord  
  16  1:26  Queen  
  18  1:35  Zergling x6  
  21  1:48  Extractor  
  21  1:51  Drone  
  21  2:06  Drone  
  22  2:10  Queen  
  24  2:19  Queen  
  24  2:20  Drone x2  
  28  2:24  Drone  
  26  2:52  Drone  
  26  2:53  Drone x6  
  33  3:04  Baneling Nest  
  32  3:06  Overlord  
  32  3:11  Hatchery  
  31  3:17  Overlord  
  31  3:25  Drone x4  
  35  3:30  Zergling x2  
  36  3:39  Drone x2, Evolution Chamber  
  36  3:40  Roach Warren  
  36  3:57  Drone, Baneling x2  
  36  3:58  Drone x5  
  36  3:59  Drone x2  
  44  4:07  Zergling x2  
  42  4:27  Drone, Zerg Missile Weapons Level 1  
  42  4:29  Extractor  
  42  4:30  Extractor  
  41  4:31  Baneling  
  41  4:38  Drone x3  
  43  4:39  Drone x3  
  43  4:45  Queen  
  50  5:00  Baneling  
  50  5:01  Zergling x2  
  47  5:07  Lair  
  47  5:12  Extractor  
  46  5:37  Drone x2, Baneling x2  
  46  5:38  Drone  
  46  5:39  Overlord x9  
  49  5:45  Hatchery  
  48  5:55  Drone  
  49  5:58  Roach  
  49  6:04  Roach x4  
  59  6:07  Queen, Roach  
  64  6:20  Roach x2  
  64  6:23  Glial Reconstitution  
  67  6:31  Roach x4  
  74  6:32  Roach  
  72  6:41  Queen, Roach x2  
  72  6:44  Queen  
  80  7:04  Drone  
  81  7:15  Roach x3  
  77  7:31  Hatchery  
Show
View Real Time Build Order
Export as new Build Order

ManlyManMeat Zerg - Winner!

Build Orders: Hatch First 

Get SALT Encoding   

  12  0:00  Drone  
  13  0:08  Drone  
  14  0:16  Drone, Extractor  
  15  0:22  Overlord  
  15  0:44  Hatchery  
  15  0:49  Drone x2  
  16  0:53  Drone  
  17  1:01  Drone  
  18  1:09  Extractor  
  17  1:15  Spawning Pool  
  17  1:17  Drone  
  17  1:21  Drone  
  18  1:32  Drone  
  19  1:42  Drone  
  20  1:53  Drone  
  21  2:01  Queen  
  21  2:02  Queen  
  21  2:03  Zergling x2  
  21  2:05  Overlord  
  26  2:11  Drone  
  26  2:14  Drone  
  28  2:20  Metabolic Boost  
  28  2:26  Zergling x2  
  29  2:30  Drone  
  29  2:31  Drone  
  30  2:50  Drone x3  
  31  2:57  Baneling Nest  
  30  2:58  Zergling x2  
  30  2:59  Zergling x2  
  30  3:04  Spine Crawler  
  31  3:15  Overlord  
  31  3:18  Zergling x2  
  32  3:21  Zergling x2, Hatchery  
  32  3:32  Drone x3  
  35  3:49  Zergling x4, Overlord  
  37  4:06  Overlord x2  
  37  4:08  Baneling x4  
  37  4:15  Roach Warren  
  34  4:33  Drone x2  
  34  4:34  Drone x5  
  41  4:39  Evolution Chamber  
  38  5:00  Drone x5  
  38  5:05  Drone x3  
  38  5:06  Drone  
  47  5:08  Lair, Extractor  
  47  5:10  Extractor  
  47  5:21  Roach x4  
  47  5:22  Roach x2  
  47  5:24  Drone  
  56  5:32  Zerg Missile Weapons Level 1  
  56  5:44  Roach  
  56  5:45  Overlord x4  
  58  5:58  Overlord x2  
  58  6:05  Glial Reconstitution  
  58  6:07  Roach  
  58  6:08  Roach x2  
  58  6:10  Drone x3  
  58  6:11  Drone x2  
  69  6:14  Extractor  
  69  6:17  Extractor, Roach x2  
  67  6:35  Roach  
  67  6:36  Roach x4  
  73  6:42  Roach x2  
  77  6:47  Drone x3  
  77  6:48  Drone  
  77  6:49  Drone  
  77  6:50  Drone x2  
  77  6:52  Ravager  
  85  6:58  Queen  
  87  7:02  Ravager  
  85  7:16  Roach x5  
  93  7:26  Roach  
Tags
 
Matchup
ZvZ
Race
Zerg
Replay Pack
Myownreplay2
Spawn Locations
Cross Positions
Add a new tag
Caveats
  • Supply blocks, unpowered buildings, or Contaminate may cause inaccurate times.
  • Supply counts are checked every 10 seconds.